 Dungeon Crawl Stone Soup version 0.21.1-1-g345015fe64 (webtiles) character file.

10463 Peloso the Carver (level 11, -10/99 HPs)
             Began as a Minotaur Fighter on July 17, 2018.
             Was a High Priest of Okawaru.
             Mangled by a large abomination (26 damage)
             ... on level 1 of the Abyss.
             The game lasted 00:22:35 (9423 turns).

Peloso the Carver (Minotaur Fighter)                Turns: 9423, Time: 00:22:36

Health: -10/99     AC: 16    Str: 23    XL:     11   Next: 36%
Magic:  11/11      EV:  8    Int:  5    God:    Okawaru [*****.]
Gold:   650        SH: 13    Dex: 15    Spells: 10/10 levels left

rFire    x . .     SeeInvis +   a - +6 falchion "Torrynk" {flame, rC- rN+ Dex+4}
rCold    . . .     Gourm    .   c - +0 shield
rNeg     + . .     Faith    .   b - +0 plate armour
rPois    .         Spirit   .   (helmet restricted)
rElec    .         Reflect  .   (no cloak)
rCorr    .         Harm     .   (no gloves)
MR       .....                  J - +0 pair of boots
Stlth    ..........             (no amulet)
HPRegen  0.26/turn              S - ring of ice
MPRegen  0.12/turn              y - ring of see invisible

@: no status effects
A: retaliatory headbutt, horns 2
a: Heroism, Finesse, Renounce Religion


You were on level 1 of the Abyss.
You worshipped Okawaru.
Okawaru was extremely pleased with you.
You were very hungry.

You visited 1 branch of the dungeon, and saw 11 of its levels.
You visited the Abyss 1 time.

You collected 650 gold pieces.

Inventory:

Hand Weapons
 a - the +6 falchion "Torrynk" (weapon) {flame, rC- rN+ Dex+4}
   (You found it on level 7 of the Dungeon)

   It has been specially enchanted to burn those struck by it, causing extra
   injury to most foes and up to half again as much damage against particularly
   susceptible opponents.
   Big, fiery blades are also staple armaments of hydra-hunters.
   It affects your dexterity (+4).
   It makes you vulnerable to cold.
   It protects you from negative energy.
 E - a +5 long sword
Missiles
 A - 35 bolts
Armour
 b - a +0 plate armour (worn)
 c - a +0 shield (worn)
 J - a +0 pair of boots (worn)
Jewellery
 j - a +3 ring of intelligence
 p - an uncursed ring of wizardry
 t - an uncursed ring of stealth
 y - a ring of see invisible (right hand)
 B - an uncursed ring of resist corrosion
 S - a ring of ice (left hand)
Wands
 u - a wand of flame (120)
 z - a wand of acid (8)
 F - a wand of random effects (32)
Scrolls
 e - 5 scrolls of immolation {unknown}
 h - 17 scrolls of identify
 i - 8 scrolls of remove curse
 l - 9 scrolls of teleportation {unknown}
 m - 3 scrolls of amnesia {unknown}
 o - 2 scrolls of fear {unknown}
 r - 3 scrolls of enchant armour {unknown}
 v - a scroll of vulnerability {unknown}
 x - a scroll of random uselessness {unknown}
 K - 2 scrolls of blinking {unknown}
 M - a scroll of magic mapping {unknown}
 O - a scroll of acquirement {unknown}
 R - a scroll of noise {unknown}
Potions
 d - 2 potions of might
 g - 2 potions of flight
 k - 3 potions of mutation
 n - a potion of haste
 q - 2 potions of ambrosia
 s - 3 potions of curing
 w - 2 potions of heal wounds
 D - 2 potions of invisibility
 L - a potion of brilliance
Books
 C - a book of Battle

   Spells                             Type                      Level
   a - Infusion                       Charms                       1
   b - Shroud of Golubria             Charms/Translocation         2
   c - Song of Slaying                Charms                       2
   d - Spectral Weapon                Hexes/Charms                 3
   e - Regeneration                   Charms/Necromancy            3
 G - a book of Enchantments

   Spells                             Type                      Level
   a - Cause Fear                     Hexes                        4
   b - Yara's Violent Unravelling     Hexes/Transmutation          5
   c - Silence                        Hexes/Air                    5
   d - Deflect Missiles               Charms/Air                   6
   e - Discord                        Hexes                        8
 H - a book of Annihilations

   Spells                             Type                      Level
   a - Poison Arrow                   Conjuration/Poison           6
   b - Chain Lightning                Conjuration/Air              8
   c - Lehudib's Crystal Spear        Conjuration/Earth            8
   d - Glaciate                       Conjuration/Ice              9
   e - Fire Storm                     Conjuration/Fire             9
 N - a book of Geomancy

   Spells                             Type                      Level
   a - Sandblast                      Earth                        1
   b - Passwall                       Transmutation/Earth          2
   c - Stone Arrow                    Conjuration/Earth            3
   d - Petrify                        Transmutation/Earth          4
   e - Lee's Rapid Deconstruction     Earth                        5
 Q - a book of the Earth

   Spells                             Type                      Level
   a - Leda's Liquefaction            Hexes/Earth                  4
   b - Bolt of Magma                  Conjuration/Fire/Earth       5
   c - Statue Form                    Transmutation/Earth          6
   d - Iron Shot                      Conjuration/Earth            6
   e - Shatter                        Earth                        9
Miscellaneous
 I - a fan of gales
Comestibles
 f - 20 rations


   Skills:
 + Level 9.6 Fighting
 + Level 12.3 Long Blades
 + Level 10.5 Armour
 + Level 3.5 Dodging
 + Level 1.3 Stealth
 + Level 10.8 Shields
 + Level 1.4 Evocations


You had 10 spell levels left.
You didn't know any spells.

Dungeon Overview and Level Annotations

Branches:
Dungeon (11/15)            Temple (0/1) D:6             Orc (0/2) D:11
   Lair: D:8-11

Altars:
Ashenzari
Cheibriados
Elyvilon
Gozag
Kikubaaqudgha
Makhleb
Nemelex Xobeh
Okawaru
Ru
Sif Muna
Uskayaw
Yredelemnul
Zin

Annotations:
D:11 Sonja


Innate Abilities, Weirdness & Mutations

You reflexively headbutt those who attack you in melee.
You have a pair of horns on your head.


Message History

You kill the ynoxinul!
Okawaru accepts your kill.
The ufetubus disappears in a puff of smoke! x2
A large abomination comes into view.
A large abomination is nearby!
You block the large abomination's attack.
Found a scroll labeled DAGEAP AGYLO.
You hit the large abomination but do no damage.
You headbutt the large abomination.
The large abomination is lightly damaged.
The large abomination hits you!!
* * * LOW HITPOINT WARNING * * *
You hit the large abomination but do no damage.
The large abomination is lightly damaged.
The large abomination hits you!
* * * LOW HITPOINT WARNING * * *
You hit the large abomination. You burn the large abomination.
The large abomination is lightly damaged.
The large abomination hits you!!
You die...

. #. ## .#### .
#.# ?...#. ..
..# ..... #..
#.# ##...#
...####..##.#..#
...#...#..@X.#
##. ..#.#.##.#
.. #..#.#....# #
.. ## .....##
#....#....# #
##...#.##### .
#.. ##...# .# ..
...# #...###. .
.##.# #.##.#.


You could see a large abomination.

Vanquished Creatures
  Erolcha (D:9)
  2 two-headed ogres
  The ghost of lis82 the Thaumaturge, a novice SpWz of Sif Muna (D:8)
  Pikel (D:4)
  A gargoyle (D:10)
  2 trolls
  Grinder (D:3)
  A hippogriff (D:8)
  A wraith (D:10)
  Sigmund (D:6)
  A ynoxinul (Abyss:1)
  7 yaks (D:10)
  A spriggan (D:7)
  2 hungry ghosts
  Grum (D:8)
  A warg (D:11)
  An orc warrior (D:11)
  3 sky beasts
  An ice beast (D:7)
  4 ogres
  5 phantoms
  The ghost of SlightEye the Skirmisher, an amateur DsFi (D:4)
  2 centaurs
  3 wolves (D:8)
  A big kobold (D:8)
  5 bullfrogs
  2 wyvern skeletons
  A howler monkey (D:4)
  2 electric eels (D:4)
  7 wights
  5 crimson imps
  A centaur zombie (D:6)
  4 hounds
  2 orc priests
  3 jellies
  7 orc wizards
  A quasit (D:9)
  3 bullfrog skeletons
  2 centaur skeletons
  6 worker ants
  3 iguanas
  A hound skeleton (D:7)
  2 hound zombies (D:8)
  2 howler monkey zombies
  A howler monkey skeleton (D:5)
  11 adders
  8 gnolls
  3 shadow imps
  6 worms
  An adder skeleton (D:7)
  A dart slug (D:2)
  6 leopard geckos
  12 orcs
  9 bats
  5 giant cockroaches
  4 goblins
  7 hobgoblins
  18 jackals
  12 kobolds
  4 quokkas
  A ball python (D:1)
  5 frilled lizards
  2 leopard gecko skeletons
  A quokka skeleton (D:8)
  7 rats
  A plant (D:4)
230 creatures vanquished.

Vanquished Creatures (others)
  2 slaves
  A jelly (D:5)
  An orc wizard (D:5)
  A worker ant zombie (D:5)
  A howler monkey skeleton (D:5)
  An adder (D:5)
7 creatures vanquished.

Grand Total: 237 creatures vanquished

Notes
Turn   | Place    | Note
-------+----------+-------------------------------------------
     0 | D:1      | Peloso the Minotaur Fighter began the quest for the Orb.
     0 | D:1      | Reached XP level 1. HP: 19/19 MP: 0/0
   139 | D:1      | Reached XP level 2. HP: 27/27 MP: 1/1
   507 | D:1      | Found a white marble altar of Elyvilon.
   706 | D:2      | Reached skill level 3 in Long Blades
   706 | D:2      | Reached XP level 3. HP: 33/33 MP: 2/2
   929 | D:2      | Found a deep blue altar of Sif Muna.
   931 | D:2      | Found a basalt altar of Yredelemnul.
  1262 | D:2      | Reached XP level 4. HP: 30/40 MP: 3/3
  1354 | D:2      | Found an iron altar of Okawaru.
  1777 | D:3      | Noticed Grinder
  1780 | D:3      | Paralysed by Grinder for 3 turns
  1794 | D:3      | Paralysed by Grinder for 2 turns
  1795 | D:3      | HP: 2/40 [Grinder (6)]
  1799 | D:3      | Paralysed by Grinder for 4 turns
  1814 | D:3      | Killed Grinder
  1814 | D:3      | Reached skill level 5 in Long Blades
  1814 | D:3      | Reached skill level 1 in Dodging
  1814 | D:3      | Reached XP level 5. HP: 21/47 MP: 4/4
  1814 | D:3      | Reached XP level 6. HP: 24/53 MP: 5/5
  2103 | D:3      | Found a snail-covered altar of Cheibriados.
  2299 | D:4      | Reached skill level 5 in Armour
  2470 | D:4      | Noticed SlightEye's ghost (amateur DsFi)
  2746 | D:2      | Became a worshipper of Warmaster Okawaru
  2835 | D:4      | Reached skill level 5 in Shields
  2993 | D:4      | Found a transporter.
  3019 | D:4      | Found a transporter.
  3296 | D:5      | Entered Level 5 of the Dungeon
  3296 | D:5      | Noticed Pikel
  3296 | D:5      | Noticed a slave
  3296 | D:5      | Noticed a slave
  3296 | D:5      | Noticed a slave
  3296 | D:5      | Noticed a slave
  3309 | D:4      | Killed Pikel
  3309 | D:4      | Reached skill level 5 in Fighting
  3309 | D:4      | Reached skill level 6 in Long Blades
  3309 | D:4      | Reached XP level 7. HP: 7/61 MP: 6/6
  3673 | D:5      | Found a shattered altar of Ashenzari.
  3741 | D:5      | Reached * piety under Okawaru
  3835 | D:5      | Found a burning altar of Makhleb.
  3859 | D:5      | Reached XP level 8. HP: 69/69 MP: 7/7
  3879 | D:5      | Reached skill level 7 in Long Blades
  4015 | D:6      | Noticed Sigmund
  4040 | D:6      | Killed Sigmund
  4040 | D:6      | Reached skill level 1 in Stealth
  4386 | D:6      | Found an ancient bone altar of Kikubaaqudgha.
  4678 | D:6      | Found a staircase to the Ecumenical Temple.
  4713 | D:6      | Reached skill level 8 in Long Blades
  4868 | D:6      | Reached ** piety under Okawaru
  5434 | D:4      | Killed SlightEye's ghost
  5672 | D:7      | Found a sacrificial altar of Ru.
  5729 | D:7      | Reached XP level 9. HP: 61/75 MP: 8/8
  5761 | D:7      | Reached skill level 1 in Evocations
  5806 | D:7      | Reached skill level 9 in Long Blades
  5912 | D:7      | Found a sparkling altar of Nemelex Xobeh.
  6415 | D:7      | Got a transparent falchion
  6416 | D:7      | Identified the +6 falchion "Torrynk" {flame, rC- rN+ Dex+4} (You found it on level 7 of the Dungeon)
  6432 | D:8      | Found a hide-covered altar of Uskayaw.
  6432 | D:8      | Noticed a dagger
  6432 | D:8      | Noticed a hand axe
  6439 | D:8      | Reached *** piety under Okawaru
  6541 | D:8      | Reached skill level 10 in Long Blades
  6792 | D:8      | Noticed Grum
  6809 | D:8      | Killed Grum
  6809 | D:8      | Reached XP level 10. HP: 26/88 MP: 10/10
  6810 | D:8      | Reached **** piety under Okawaru
  7382 | D:8      | Noticed lis82's ghost (novice SpWz)
  7398 | D:8      | Killed lis82's ghost
  7480 | D:9      | Noticed Erolcha
  7501 | D:9      | Killed Erolcha
  7501 | D:9      | Reached skill level 11 in Long Blades
  7623 | D:9      | Noticed a two-headed ogre
  7645 | D:9      | Killed a two-headed ogre
  7645 | D:9      | Reached ***** piety under Okawaru
  8291 | D:9      | Found an opulent altar of Gozag.
  8292 | D:9      | Found a glowing silver altar of Zin.
  8480 | D:9      | Found a white marble altar of Elyvilon.
  8578 | D:9      | Reached skill level 10 in Shields
  8699 | D:10     | Entered Level 10 of the Dungeon
  8703 | D:10     | Noticed a gargoyle
  8714 | D:10     | Killed a gargoyle
  8898 | D:10     | Reached skill level 10 in Armour
  8907 | D:10     | Reached XP level 11. HP: 80/97 MP: 11/11
  8947 | D:10     | Reached skill level 12 in Long Blades
  9165 | D:11     | Found a staircase to the Orcish Mines.
  9207 | D:11     | Noticed a two-headed ogre
  9233 | D:11     | Killed a two-headed ogre
  9233 | D:11     | Received a gift from Okawaru
  9316 | D:11     | Noticed Sonja
  9320 | D:11     | Cast into level 1 of the Abyss (Sonja)
  9423 | Abyss:1  | Mangled by a large abomination

Skill      XL: |  1  2  3  4  5  6  7  8  9 10 11 |
---------------+----------------------------------+-----
Fighting       | 4 5 6 7 9 |  9.6
Shields        | 4 5 6 8 10 | 10.8
Long Blades    | 3 5 6 8 10 11 12 | 12.3
Armour         | 4 6 8 9 10 | 10.5
Dodging        | 1 2 3 |  3.5
Stealth        | 1 |  1.3
Evocations     | 1 |  1.4

Action                   |  1- 3 |  4- 6 |  7- 9 | 10-12 || total
-------------------------+-------+-------+-------+-------++-------
Melee: Long sword        |    74 |    99 |   261 |       ||   434
       Headbutt          |    13 |    24 |    67 |    58 ||   162
       Falchion          |       |       |    74 |   230 ||   304
Invok: Heroism           |       |       |     1 |       ||     1
Evoke: Wand              |       |       |     4 |       ||     4
  Use: Scroll            |     3 |     4 |       |     3 ||    10
       Potion            |       |     3 |       |       ||     3
  Eat: Chunk             |     1 |     3 |    13 |     8 ||    25
       Ration            |       |     1 |       |     1 ||     2
Armor: Scale mail        |    32 |    36 |    17 |       ||    85
       Chain mail        |       |       |   100 |    30 ||   130
       Plate armour      |       |       |       |    35 ||    35
Dodge: Dodged            |    37 |    25 |    82 |    49 ||   193
Block: Shield            |    45 |    45 |   186 |   113 ||   389
       Rpst.: Long sword |     8 |     6 |    14 |       ||    28
       Falchion          |       |       |     6 |     9 ||    15
